 Dungeon Crawl Stone Soup version 0.29.1-1-gd02db6906a (webtiles) character file.

Game seed: 5310200498709400744

836 Zeld the Conjurer (level 7, -2/36 HPs)
             Began as a Deep Elf Conjurer on Oct 6, 2022.
             Shot with an arrow by a centaur (6 damage)
             ... on level 5 of the Dungeon.
             The game lasted 00:10:20 (5318 turns).

Zeld the Conjurer (Deep Elf Conjurer)               Turns: 5318, Time: 00:10:21

Health: -2/36      AC:  3    Str:  4    XL:     7   Next: 66%
Magic:  3/19       EV: 13    Int: 25    God:
Gold:   355        SH:  0    Dex: 13    Spells: 9/20 levels left

rFire   . . .      SeeInvis .   q - +1 short sword (drain)
rCold   . . .      Faith    .   (no shield)
rNeg    . . .      Spirit   .   a - +0 robe
rPois   .          Reflect  .   (no helmet)
rElec   .          Harm     .   (no cloak)
rCorr   .          Rampage  .   (no gloves)
Will    +....                   r - +0 pair of boots
Stlth   +++.......              (no amulet)
HPRegen 0.12/turn               l - ring of willpower
MPRegen 0.16/turn               (no ring)

@: no status effects
A: no striking features
a: no special abilities


You were on level 5 of the Dungeon.
You visited 1 branch of the dungeon, and saw 5 of its levels.
You also visited: Ossuary.

You collected 355 gold pieces.

Inventory:

Hand Weapons
 q - a +1 short sword of draining (weapon)
Armour
 a - a +0 robe (worn)
 r - a +0 pair of boots (worn)
 x - a +1 pair of boots
Magical Staves
 i - a staff of fire
Jewellery
 l - a ring of willpower (left hand)
Wands
 p - a wand of polymorph (3)
 y - a wand of paralysis (5)
Scrolls
 c - 7 scrolls of identify {unknown}
 e - a scroll of poison {unknown}
 g - 2 scrolls of vulnerability {unknown}
 t - a scroll of fear {unknown}
 u - a scroll of silence {unknown}
 v - a scroll of acquirement {unknown}
 w - 2 scrolls of teleportation {unknown}
Potions
 b - a potion of magic
 d - a potion of degeneration {unknown}
 f - 2 potions of berserk rage {unknown}
 h - a potion of heal wounds {unknown}
 j - 2 potions of might {unknown}
 k - a potion of resistance {unknown}
 m - 2 potions of flight {unknown}
 n - a potion of ambrosia {unknown}
 o - 3 potions of lignification {unknown}
 s - 6 potions of curing
 z - a potion of brilliance
 A - a potion of mutation {unknown}


   Skills:
 - Level 0.2 Armour
 + Level 4.0 Dodging
 + Level 4.1 Stealth
 * Level 7.2 Spellcasting
 * Level 7.2 Conjurations
 - Level 2.0 Hexes
 - Level 2.0 Translocations


You had 9 spell levels left.
You knew the following spells:

 Your Spells              Type           Power      Damage    Failure   Level
a - Magic Dart            Conj           100%       1d8       1%          1
b - Searing Ray           Conj           90%        2d7       1%          2
c - Fulminant Prism       Conj/Hex       16%        3d11      10%         4
d - Iskenderun's Mystic   Conj/Tloc      32%        2d8       10%         4

Your spell library contained the following spells:

 Spells                   Type           Power      Damage    Failure   Level
 Dazzling Flash           Conj/Hex       64%        N/A       3%          3
 Ensorcelled Hibernation  Hex/Ice        28%        N/A       7%          2
 Passwall                 Tmut/Erth      7%         N/A       10%         2
 Scorch                   Fire           18%        2d5       10%         2
 Flame Wave               Conj/Fire      27%        2d9       14%         4
 Swiftness                Air            9%         N/A       21%         3
 Borgnjor's Vile Clutch   Necr/Erth      4%         N/A       88%         5
 Starburst                Conj/Fire      13%        6d6       92%         6
 Statue Form              Tmut/Erth      6%         N/A       100%        6


Dungeon Overview and Level Annotations

Branches:
Dungeon (5/15)            Ossuary (visited)
 Temple: D:4-7

Altars:
Okawaru

Annotations:
D:4 Edmund


Message History

You kill the scorpion!
* * * LOW HITPOINT WARNING * * *
You feel very sick.
Your Stealth skill increases to level 4!
Unknown command.
It was a potion of curing.
You feel better.
The ufetubus shouts!
The ufetubus hits you. x2
* * * LOW HITPOINT WARNING * * *
Casting: Iskenderun's Mystic Blast (quite dangerous; 10% risk of failure)
Confirm with . or Enter, or press ? or * to list all spells.
The spell is quite dangerous to miscast (10% risk of failure)!
Continue anyway?
You erupt in a blast of force!
The mystic blast hits the gnoll bouda!
The gnoll bouda is almost dead.
The gnoll bouda is knocked back by the mystic blast.
The gnoll bouda collides with the scorpion!
The scorpion is severely wounded.
You kill the gnoll bouda!
The mystic blast hits the ufetubus!
You kill the ufetubus!
Your attacks no longer feel as feeble.
The centaur shoots an arrow.
The arrow hits you.
* * * LOW HITPOINT WARNING * * *
The arrow freezes you.
* * * LOW HITPOINT WARNING * * *
Your Dodging skill increases to level 4!
Unknown command.
Casting: Iskenderun's Mystic Blast (quite dangerous; 10% risk of failure)
Confirm with . or Enter, or press ? or * to list all spells.
The spell is quite dangerous to miscast (10% risk of failure)!
Continue anyway?
You erupt in a blast of force!
The mystic blast hits the scorpion.
The scorpion is almost dead.
The scorpion is knocked back by the mystic blast.
The mystic blast hits the centaur.
The centaur is moderately wounded.
The centaur is knocked back by the mystic blast.
The centaur slams into the stone wall!
The centaur is moderately wounded.
The centaur shoots an arrow.
The arrow hits you.
You die...

##...##...##...##.....>
##.##c....##.##....###
#.#r5.....# #........
#.#...}...# #......##
#)#.......# #......#
##.##.....# ##....##
##)..##...# ..##...#
#.....##c##.....##.#.
#.....@.).s).... #. .
#.....#####..... #. .
##...## ...# #. #####
### ...# ....


You could see a centaur and a scorpion.

Vanquished Creatures
  Sigmund (D:2)
  2 phantoms (D:5)
  A scorpion (D:5)
  A jelly (D:5)
  An orc priest (D:5)
  A gnoll bouda (D:5)
  Natasha (thrice) (D:2)
  5 iguanas
  2 orc wizards (D:5)
  4 mummies (Ossuary)
  An adder (D:5)
  An ufetubus (D:5)
  An adder zombie (Ossuary)
  A worm (D:3)
  2 dart slugs
  7 orcs
  5 bats
  6 endoplasms
  3 giant cockroaches (D:1)
  3 gnoll zombies (Ossuary)
  6 hobgoblins
  4 quokkas
  4 ball pythons
  2 frilled lizards
  4 goblins
  A jackal zombie (Ossuary)
  A kobold (D:4)
  3 kobold zombies (Ossuary)
  2 orc zombies (Ossuary)
  4 rats
  2 rat zombies (Ossuary)
84 creatures vanquished.

Vanquished Creatures (others)
  4 fulminant prisms
  18 plants (D:3)
22 creatures vanquished.

Grand Total: 106 creatures vanquished

Notes
Turn   | Place    | Note
-------+----------+-------------------------------------------
     0 | D:1      | Zeld the Deep Elf Conjurer began the quest for the Orb.
     0 | D:1      | Reached XP level 1. HP: 10/10 MP: 6/6
   141 | D:1      | Found a faded altar of an unknown god.
   318 | D:1      | Reached XP level 2. HP: 15/15 MP: 5/8
   842 | D:2      | Noticed Natasha
   851 | D:2      | Killed Natasha
   852 | D:2      | Reached XP level 3. HP: 10/19 MP: 3/10
   855 | D:2      | Learned a level 2 spell: Searing Ray
  1016 | D:2      | Noticed Natasha
  1066 | D:2      | Killed Natasha
  1067 | D:2      | Reached skill level 5 in Conjurations
  1081 | D:2      | Noticed Natasha
  1088 | D:2      | Killed Natasha
  1089 | D:2      | Reached XP level 4. HP: 10/24 MP: 4/12
  1893 | D:2      | Noticed Sigmund
  1899 | D:2      | Killed Sigmund
  1900 | D:2      | Reached skill level 5 in Spellcasting
  1900 | D:2      | Reached XP level 5. HP: 8/28 MP: 7/14
  2583 | D:3      | Reached XP level 6. HP: 27/32 MP: 11/16
  2807 | D:3      | Found an iron altar of Okawaru.
  2813 | D:3      | Learned a level 4 spell: Fulminant Prism
  2818 | D:3      | Learned a level 4 spell: Iskenderun's Mystic Blast
  3313 | D:4      | Noticed Edmund
  3558 | D:4      | Found a sand-covered staircase.
  3563 | Ossuary  | Entered an ossuary
  3724 | Ossuary  | Reached skill level 1 in Hexes
  3902 | Ossuary  | Got the Atlas of the Molten Caves
  4035 | D:5      | Entered Level 5 of the Dungeon
  4360 | D:5      | Reached skill level 1 in Translocations
  4812 | D:5      | Reached XP level 7. HP: 24/36 MP: 12/18
  5318 | D:5      | Shot with an arrow by a centaur

Illustrated notes

Levels and vault maps discovered:
D:1:      beargit_arrival_greenhouse, layout_loops_ring,
          dreamdust_ecumenical_altar_statues, minmay_stone_trees_small
D:2:      layout_basic, uniq_natasha, uniq_sigmund
D:3:      layout_loops_ring, mainiacjoe_overflow_alcove_4, serial_bayou_pond_c
D:4:      layout_loops_ring, nicolae_ossuary_entry_ruins,
          kennysheep_generic_room_16, uniq_edmund
D:5:      minmay_octagon_keep, layout_loops_ring, minmay_temple_entry_ruins,
          grunt_decor_arrowhead, uniq_crazy_yiuf_cottage

Skill      XL: |  1  2  3  4  5  6  7 |
---------------+----------------------+-----
Dodging        | 3 4 |  4.0
Stealth        | 3 4 |  4.1
Spellcasting   | 4 5 6 7 |  7.2
Conjurations   | 5 6 7 |  7.2
Hexes          | 2 |  2.0
Translocations | 1 2 |  2.0
Armour         | |  0.2

Action                   |  1- 3 |  4- 6 |  7- 9 || total
-------------------------+-------+-------+-------++-------
Melee: Unarmed           |     2 |       |       ||     2
       Staff             |     1 |    11 |       ||    12
       Short sword       |       |    11 |       ||    11
 Cast: Magic Dart        |    29 |    90 |     4 ||   123
       Searing Ray       |     2 |     7 |     6 ||    15
       Iskenderun's Myst |       |     4 |     3 ||     7
       Fulminant Prism   |       |     4 |       ||     4
  Use: Potion            |       |       |     1 ||     1
 Stab: Sleeping          |       |     1 |       ||     1
Armor: Robe              |     2 |    11 |     2 ||    15
Dodge: Dodged            |     9 |    40 |     8 ||    57
